 Dungeon Crawl Stone Soup version 0.32-a0-732-ga344392067 (webtiles) character file.

Game seed: 870243843237014552

5 gimp the Shooter (level 1, 0/17 HPs)
             Began as a Draconian Hunter on Mar 17, 2024.
             Slain by a scorpion (1 damage)
             ... on level 2 of the Dungeon.
             The game lasted 00:00:31 (326 turns).

gimp the Shooter (Draconian Hunter)                  Turns: 326, Time: 00:00:32

Health: 0/17       AC:  5    Str: 13    XL:     1   Next: 66%
Magic:  1/1        EV: 11    Int:  9    God:
Gold:   34         SH:  0    Dex: 14    Spells: 0/0 levels left

rFire   . . .        a - +0 shortbow
rCold   . . .        (shield currently unavailable)
rNeg    . . .        (body armour unavailable)
rPois   .            (helmet restricted)
rElec   .            (no cloak)
rCorr   .            f - +0 pair of gloves
SInv    .            (no boots)
Will    .....        (no amulet)
Stlth   ++           (no ring)
HPRegen 0.22/turn    (no ring)
MPRegen 0.07/turn

%: no passive effects
@: lethally poisoned (0 -> -4), hasted, very quick
A: AC +4, unfitting armour, cold-blooded
a: no special abilities


You were on level 2 of the Dungeon.
You visited 1 branch of the dungeon, and saw 2 of its levels.

You collected 34 gold pieces.

Inventory:

Hand Weapons
 a - a +0 shortbow (weapon)
Armour
 f - a +0 pair of gloves (worn)
Jewellery
 d - a ring of protection from fire
Scrolls
 b - a scroll of butterflies
 e - a scroll of silence {unknown}


   Skills:
 - Level 2.1 Fighting
 + Level 3.9 Ranged Weapons
 - Level 1.7 Dodging
 - Level 0.8 Stealth


You couldn't memorise any spells.
You didn't know any spells.
Your spell library was empty.

Dungeon Overview and Level Annotations

Branches:
Dungeon (1/15)

Altars:


Innate Abilities, Weirdness & Mutations

Your plain brown scales are hard. (AC +4)
You cannot fit into any form of body armour.
You are cold-blooded and may be slowed by cold attacks.


Message History

You now have 7 gold pieces.
You now have 16 gold pieces (gained 9).
c - a ruby potion
Found a robe.
A malevolent force fills the Dungeon...
You fall into a shaft and drop 1 floor!
The shaft crumbles and collapses.
You now have 19 gold pieces (gained 3).
d - a ring of protection from fire You now have 23 gold pieces (gained 4).
Found a mace.
You see here a +0 mace.
You see here a +0 mace.
You now have 32 gold pieces (gained 9).
e - a scroll labelled WIVVEUR ZAQOO You open the door.
There is an open door here.
You open the door.
A kobold and a ball python come into view.
Found a pair of gloves.
You shoot an arrow. The arrow hits the ball python.
You kill the ball python!
You shoot an arrow. The arrow hits the kobold.
The kobold shouts!
The kobold is moderately wounded.
You shoot an arrow. The arrow closely misses the kobold.
You shoot an arrow. The arrow hits the kobold.
You kill the kobold!
No target in view!
There is an open door here.
f - a +0 pair of gloves You start putting on your armour.
You continue putting on your +0 pair of gloves. x4
You finish putting on your +0 pair of gloves.
As you open the door, it creaks loudly!
There is an open door here.
An endoplasm comes into view.
An endoplasm is nearby!
You shoot an arrow. The arrow hits the endoplasm.
You kill the endoplasm!
No target in view!
Found a stone staircase leading down.
There is a stone staircase leading down here.
You now have 34 gold pieces (gained 2).
As you open the door, it creaks loudly!
There is an open door here.
Found a stone staircase leading up.
There is a stone staircase leading up here.
A scorpion comes into view.
You shoot an arrow.
The arrow hits the scorpion but does no damage.
The scorpion misses you.
You shoot an arrow. The arrow barely misses the scorpion.
The scorpion stings you but does no damage.
You shoot an arrow. The arrow closely misses the scorpion.
The scorpion barely misses you.
You shoot an arrow. The arrow hits the scorpion.
The scorpion is lightly wounded.
The scorpion completely misses you. The scorpion closely misses you.
You shoot an arrow. The arrow closely misses the scorpion.
The scorpion stings you but does no damage.
You shoot an arrow. The arrow closely misses the scorpion.
The scorpion barely misses you. The scorpion stings you.
You take 6 damage, and have 11/17 hp.
MASSIVE DAMAGE!!
You shoot an arrow. The arrow barely misses the scorpion.
The scorpion stings you but does no damage.
You shoot an arrow. The arrow barely misses the scorpion.
The scorpion closely misses you. The scorpion barely misses you.
You shoot an arrow. The arrow hits the scorpion.
The scorpion is heavily wounded.
The scorpion closely misses you.
You shoot an arrow.
The arrow hits the scorpion but does no damage.
The scorpion is heavily wounded.
The scorpion stings you.
You take 4 damage, and have 8/17 hp.
MASSIVE DAMAGE!!
You are too injured to fight recklessly!
You are too injured to fight recklessly!
Fire: a) +0 shortbow
Press: ? - help, Q - select action Shift-Dir - straight line, f/p - scorpion
Aim: a scorpion (heavily wounded, 60% to hit)
You shoot an arrow.
The arrow hits the scorpion but does no damage.
The scorpion is heavily wounded.
The scorpion stings you.
* * * LOW HITPOINT WARNING * * *
You are lethally poisoned!
The scorpion poisons you! The scorpion barely misses you.
You take 4 damage, and have 4/17 hp.
MASSIVE DAMAGE!!
It was a potion of haste.
You feel yourself speed up.
* * * LOW HITPOINT WARNING * * *
You feel sick. The scorpion barely misses you.
You take 2 damage, and have 2/17 hp.
Fire: a) +0 shortbow
Press: ? - help, Q - select action Shift-Dir - straight line, f/p - scorpion
Aim: a scorpion (heavily wounded, 60% to hit)
You shoot an arrow. The arrow closely misses the scorpion.
* * * LOW HITPOINT WARNING * * *
You feel sick. The scorpion stings you.
You die...

#.........#
...####'#### +#
########.# .#
#........# .#
#.######## .# #.# .#
#.# #################s#
#.# ................@.#
#.#
#####################.#
.......>..............#
#######################


You could see a scorpion.

Vanquished Creatures
  A bat (D:1)
  An endoplasm (D:2)
  A kobold (D:2)
  A ball python (D:2)
  A frilled lizard (D:1)
5 creatures vanquished.

Notes
Turn   | Place    | Note
-------+----------+-------------------------------------------
     0 | D:1      | gimp the Draconian Hunter began the quest for the Orb.
     0 | D:1      | Reached XP level 1. HP: 17/17 MP: 1/1
    52 | D:1      | You fall into a shaft and drop 1 floor!
   313 | D:2      | Noticed a scorpion
   326 | D:2      | Slain by a scorpion

Illustrated notes

Levels and vault maps discovered:
D:1:      lordsloth_arrival_two_stooges, layout_loops_ring,
          chequers_ecumenical_altar_simple_redux, serial_bayou_pond_d
D:2:      layout_basic, uniq_jessica

Action                     || total
---------------------------++-------
   Fire: Shortbow          ||    20
    Use: Potion            ||     1
 Armour: Skin              ||     7
  Dodge: Dodged            ||    10

Table legend: (Time is in decaauts)
 A = Elapsed time spent in this place.
 B = Non-inter-level travel time spent in this place.
 C = Inter-level travel time spent in this place.
 D = Time resting spent in this place.
 E = Time spent auto-exploring this place.
 F = Levels seen in this place.
 G = Mean time per level.
                   A        B        C        D        E       F      G
               +--------+--------+--------+--------+--------+-----+--------+
         Total |    329 |    329 |      0 |      0 |    285 |   2 |  164.5 |
       Dungeon |    329 |    329 |      0 |      0 |    285 |   2 |  164.5 |
               +--------+--------+--------+--------+--------+-----+--------+

Top non-repeatable levels by time:
     D:2: 277 daAuts
     D:1: 52 daAuts
